 Dungeon Crawl Stone Soup version 0.19.1 (webtiles) character file.

111 Firecrotchwizard the Skirmisher (level 4, -2/30 HPs)
             Began as a Gargoyle Fighter on Dec 6, 2016.
             Was an Initiate of Okawaru.
             Slain by an orc warrior
             ... wielding a +0 halberd
              (5 damage)
             ... on level 6 of the Dungeon.
             The game lasted 00:04:14 (1849 turns).

Firecrotchwizard the Skirmisher (Gargoyle Fighter)  Turns: 1849, Time: 00:04:15

Health: -2/30      AC: 15    Str: 19    XL:     4   Next: 92%
Magic:  4/4        EV:  2    Int:  9    God:    Okawaru [......]
Gold:   68         SH:  9    Dex: 10    Spells: 0 memorised, 3 levels left

rFire  . . .     SeeInvis .     a - +0 flail
rCold  . . .     Gourm    .     l - +0 chain mail
rNeg   + . .     Faith    .     c - +0 shield
rPois  ∞         Spirit   .     (no helmet)
rElec  +         Reflect  .     (no cloak)
rCorr  .         Harm     .     p - +1 pair of gloves
MR     .....                    (no boots)
Stlth  ..........               (no amulet)
                                (no ring)
                                k - -3 ring of evasion (curse)

@: no status effects
A: negative energy resistance 1, electricity resistance, unbreathing,
petrification resistance, rot immunity, AC +3
a: Renounce Religion


You were on level 6 of the Dungeon.
You worshipped Okawaru.
Okawaru was noncommittal.
You were not hungry.

You visited 1 branch of the dungeon, and saw 4 of its levels.

You collected 68 gold pieces.

Inventory:

Hand Weapons
 a - a +0 flail (weapon)
Missiles
 i - 8 stones (quivered)
Armour
 b - a +0 scale mail
 c - a +0 shield (worn)
 l - a +0 chain mail (worn)
 p - a +1 pair of gloves (worn)
Jewellery
 k - a cursed -3 ring of evasion (left hand)
Scrolls
 e - a scroll of identify
 m - a scroll of blinking {unknown}
Potions
 d - 3 potions of might
 g - a potion of ambrosia {unknown}
 n - 2 potions of cancellation
 o - 2 potions of curing {unknown}
Comestibles
 f - 2 bread rations
 h - 2 meat rations


   Skills:
 * Level 4.3 Fighting
 * Level 3.2 Maces & Flails
 + Level 3.8 Armour
 + Level 4.0 Shields


You had 3 spell levels left.
You didn't know any spells.

Dungeon Overview and Level Annotations

Branches:
Dungeon (3/15)

Altars:
Ashenzari
Okawaru


Innate Abilities, Weirdness & Mutations

You are resistant to torment.
Your stone body is resilient. (AC +3)
You are immune to poison.
You resist negative energy. (rN+)
You are resistant to electric shocks. (rElec)
You can survive without breathing.
You are immune to petrification.
You are immune to rotting.


Message History

a leather armour; a mace You closely miss the orc warrior.
The orc hits you but does no damage.
The orc warrior hits you with a halberd.
You block the orc's attack.
You sock the orc warrior!
The orc warrior is moderately wounded.
You block the orc warrior's attack. You block the orc's attack.
You closely miss the orc warrior.
The orc warrior is moderately wounded.
The orc hits you but does no damage. You block the orc warrior's attack.
The orc hits you but does no damage.
You closely miss the orc warrior.
The orc warrior is moderately wounded.
The orc warrior hits you with a halberd!
* * * LOW HITPOINT WARNING * * *
The orc hits you but does no damage.
You hit the orc warrior but do no damage.
The orc warrior is moderately wounded.
The orc warrior hits you with a halberd.
You die... . .# .. #. #. ######. .......## #zoo#

###@#######
#.......#
#.......#
#.......#
#.......#
#########


You could see an orc warrior, a wight and an orc.

Vanquished Creatures
  An iguana (D:6)
  3 adders (D:2)
  2 oozes (D:1)
  2 leopard geckos
  2 orcs (D:6)
  A ball python (D:1)
  4 bats
  3 giant cockroaches
  7 goblins
  3 hobgoblins
  3 jackals (D:2)
  4 kobolds (D:1)
  A quokka (D:2)
  2 frilled lizards
  6 rats
44 creatures vanquished.

Notes
Turn   | Place    | Note
-------+----------+-------------------------------------------
     0 | D:1      | Firecrotchwizard the Gargoyle Fighter began the quest for the Orb.
     0 | D:1      | Reached XP level 1. HP: 14/14 MP: 1/1
   199 | D:1      | Reached XP level 2. HP: 19/19 MP: 2/2
   229 | D:1      | Found an iron altar of Okawaru.
   263 | D:1      | Became a worshipper of Warmaster Okawaru
   402 | D:1      | Reached XP level 3. HP: 20/23 MP: 3/3
   984 | D:2      | Found a shattered altar of Ashenzari.
  1072 | D:2      | Reached XP level 4. HP: 26/29 MP: 4/4
  1617 | D:3      | You fall through a shaft for 3 floors!
  1838 | D:6      | Noticed an orc warrior
  1849 | D:6      | Slain by an orc warrior

Skill      XL: |  1  2  3  4 |
---------------+-------------+-----
Fighting       | 4 |  4.3
Maces & Flails | 3 |  3.2
Shields        | 4 |  4.0
Armour         | |  3.8

Action                   |  1- 3 |  4- 6 || total
-------------------------+-------+-------++-------
Melee: Flail             |   148 |    56 ||   204
  Use: Scroll            |       |     2 ||     2
  Eat: Chunk             |     1 |     1 ||     2
       Royal jelly       |       |     1 ||     1
Armor: Scale mail        |    65 |       ||    65
       Chain mail        |     9 |    38 ||    47
Dodge: Dodged            |    45 |     7 ||    52
Block: Shield            |    70 |    25 ||    95
